 Dungeon Crawl Stone Soup version 0.29.1-12-g30fa7ad0bf (webtiles) character file.

Game seed: 4931703293090337054

109 fishmans the Covered (level 4, -6/28 HPs)
             Began as a Gargoyle Fighter on Dec 28, 2022.
             Killed by divine providence
             ... invoked by an orc priest
              (15 damage)
             ... on level 3 of the Dungeon.
             The game lasted 00:07:15 (1914 turns).

fishmans the Covered (Gargoyle Fighter)             Turns: 1914, Time: 00:07:16

Health: -6/28      AC: 22    Str: 21    XL:     4   Next: 89%
Magic:  4/4        EV:  7    Int:  9    God:
Gold:   90         SH:  4    Dex:  9    Spells: 3/3 levels left

rFire   . . .      SeeInvis .   a - +0 flail
rCold   + . .      Faith    .   c - +0 buckler
rNeg    + . .      Spirit   .   q - +5 chain mail of Gehenna {rPois rC+}
rPois   ∞          Reflect  .   (no helmet)
rElec   +          Harm     .   (no cloak)
rCorr   .          Rampage  .   o - +2 pair of gloves
Will    .....                   g - +0 pair of boots
Stlth   ..........              (no amulet)
HPRegen 0.09/turn               (no ring)
MPRegen 0.09/turn               (no ring)

@: no status effects
A: sickness immunity, AC +3, negative energy resistance 1, electricity
resistance, torment resistance 1, petrification resistance
a: no special abilities


You were on level 3 of the Dungeon.
You visited 1 branch of the dungeon, and saw 3 of its levels.

You collected 90 gold pieces.

Inventory:

Hand Weapons
 a - a +0 flail (weapon)
 b - a +0 mace
Missiles
 e - 5 boomerangs (quivered)
Armour
 c - a +0 buckler (worn)
 g - a +0 pair of boots (worn)
 o - a +2 pair of gloves (worn)
 q - the +5 chain mail of Gehenna (worn) {rPois rC+}
   (You found it on level 3 of the Dungeon)

   rC:        It protects you from cold.
   rPois:     It protects you from poison.
Scrolls
 f - a scroll of teleportation
 h - a scroll of amnesia
 j - a scroll of immolation
 k - a scroll of vulnerability {unknown}
 l - a scroll of torment {unknown}
 p - a scroll of blinking {unknown}
Potions
 d - 2 potions of might
 i - a potion of curing {unknown}
 m - a potion of degeneration
 n - a potion of haste
 r - a potion of heal wounds {unknown}


   Skills:
 - Level 3.2 Fighting
 * Level 4.2 Maces & Flails
 + Level 4.3 Armour
 - Level 3.2 Shields


You had 3 spell levels left.
You didn't know any spells.
Your spell library contained the following spells:

 Spells                   Type           Power      Damage    Failure   Level
 Magic Dart               Conj           0%         1d3       99%         1
 Searing Ray              Conj           0%         2d4       100%        2
 Ozocubu's Armour         Ice            0%         N/A       100%        3
 Fulminant Prism          Conj/Hex       0%         3d6       100%        4
 Metabolic Englaciation   Hex/Ice        0%         N/A       100%        5
 Simulacrum               Ice/Necr       0%         N/A       100%        6


Dungeon Overview and Level Annotations

Branches:
Dungeon (3/15)

Altars:


Innate Abilities, Weirdness & Mutations

You are immune to sickness and miasma.
Your stone body is resilient. (AC +3)
You are immune to poison.
You resist negative energy. (rN+)
You are resistant to electric shocks. (rElec)
You are resistant to unholy torment.
You are immune to petrification.


Message History

The orc barely misses you.
You closely miss the orc.
The orc is almost dead.
The orc priest calls upon Beogh to heal the orc.
The orc is healed somewhat.
The orc barely misses you.
You hit the orc but do no damage.
The orc is lightly wounded.
The orc priest casts a cantrip, but nothing happens.
The orc hits you but does no damage.
You hit the orc.
The orc is heavily wounded.
The orc completely misses you.
You hit the orc but do no damage.
The orc is heavily wounded.
The orc closely misses you. The orc hits you with a +0 mace.
You thump the orc!
You kill the orc!
You hit the orc.
The orc is moderately wounded.
The orc hits you but does no damage.
You hit the orc.
The orc is severely wounded.
The orc hits you but does no damage.
You closely miss the orc.
The orc is severely wounded.
The orc closely misses you.
The orc priest looks satisfied for a moment.
The orc hits you but does no damage.
You sock the orc!
You kill the orc!
You barely miss the orc priest.
The orc priest hits you but does no damage.
You barely miss the orc priest.
The orc priest invokes the aid of Beogh against you.
Beogh smites you!
You barely miss the orc priest.
The orc priest invokes the aid of Beogh against you.
Beogh smites you!
Ouch! That really hurt!
You die...

..# #.# ########## #.#
#....o...# #.# #.######o# #.#
#.# #@# ##.######o#### #[#
##.##.o..o...# #.#
##)##.###.##.# #.# o.....#
#....# #.# ##o##.###.#..###.##
.............##...#############
................)........(...>.
#.#####.##..###...########.....


You could see an orc priest.

Vanquished Creatures
  An orc wizard (D:3)
  2 adders (D:2)
  A worm (D:2)
  A dart slug (D:1)
  2 orcs (D:3)
  5 endoplasms
  7 giant cockroaches
  8 goblins
  5 hobgoblins
  3 jackals (D:1)
  4 kobolds
  A quokka (D:1)
  2 ball pythons (D:1)
  5 bats
  3 frilled lizards (D:1)
  4 rats (D:1)
54 creatures vanquished.

Vanquished Creatures (others)
  A withered plant (D:2)
1 creature vanquished.

Grand Total: 55 creatures vanquished

Notes
Turn   | Place    | Note
-------+----------+-------------------------------------------
     0 | D:1      | fishmans the Gargoyle Fighter began the quest for the Orb.
     0 | D:1      | Reached XP level 1. HP: 14/14 MP: 1/1
   181 | D:1      | Reached XP level 2. HP: 19/19 MP: 2/2
   456 | D:1      | Reached XP level 3. HP: 23/23 MP: 3/3
  1124 | D:2      | Reached XP level 4. HP: 28/28 MP: 4/4
  1312 | D:2      | Found a faded altar of an unknown god.
  1751 | D:3      | Identified the +5 chain mail of Gehenna {rPois rC+}
  1914 | D:3      | Killed from afar by an orc priest

Illustrated notes

Levels and vault maps discovered:
D:1:      dpeg_arrival_concentric_ovals, layout_basic, corexii_leaking_fountain,
          minmay_indecisive_spiral
D:2:      layout_basic, ebering_ecumenical_altar_petrified
D:3:      layout_loops_ring, mainiacjoe_overflow_six_doors_small, bloody_makhleb

Skill      XL: |  1  2  3  4 |
---------------+-------------+-----
Maces & Flails | 3 4 |  4.2
Armour         | 4 |  4.3
Fighting       | |  3.2
Shields        | |  3.2

Action                   |  1- 3 |  4- 6 || total
-------------------------+-------+-------++-------
Melee: Flail             |   117 |    69 ||   186
  Use: Scroll            |     2 |     3 ||     5
Armor: Scale mail        |    59 |    10 ||    69
       Chain mail        |       |    37 ||    37
Dodge: Dodged            |    45 |    20 ||    65
Block: Buckler           |    23 |    10 ||    33
